 Dungeon Crawl Stone Soup version 0.30-a0-799-g109b55a442 (webtiles) character file.

Game seed: 8090953153952083578

79064 browni3141 the Prestidigitator (level 15, 0/103 HPs)
             Began as an Octopode Air Elementalist on Feb 20, 2023.
             Was an Initiate of Gozag.
             Engulfed by a cloud of freezing vapour (29 damage)
             ... on level 2 of the Orcish Mines on Feb 21, 2023.
             The game lasted 01:32:11 (32019 turns).

browni3141 the Prestidigitator (OpAE)              Turns: 32019, Time: 01:32:11

Health: 0/103      AC:  5    Str: 15    XL:     15   Next: 62%
Magic:  2/36       EV: 21    Int: 38    God:    Gozag
Gold:   524        SH:  6    Dex: 12    Spells: 4/30 levels left

rFire   + . .      SeeInvis +    m - +9 demon blade "Joeckono" {flame, Str+5}
rCold   . . .      Faith    .    P - +0 buckler
rNeg    . . .      Spirit   .    (helmet restricted)
rPois   .          Reflect  .    Z - amulet of magic regeneration
rElec   .          Harm     .    u - ring of see invisible
rCorr   .          Rampage  .    t - ring of Ziarup {rF+ MP+9}
Will    +++..                    R - ring of willpower
Stlth   +++++                    w - +5 ring of evasion
HPRegen 0.37/turn                U - ring of willpower
MPRegen 0.65/turn                M - +6 ring of intelligence
                                 E - ring "Weikem" {AC+4 Str+3}
                                 Q - +6 ring of intelligence

@: mighty, brilliant, invisible (expiring)
A: almost no armour, amphibious, 8 rings, camouflage 1, gelatinous body 1,
(nimble swimmer 1), tentacles
a: Renounce Religion, Potion Petition, Call Merchant, Bribe Branch


You were on level 2 of the Orcish Mines.
You worshipped Gozag.
Gozag was pleased with you.
You visited 4 branches of the dungeon, and saw 20 of its levels.
You also visited: Trove and Volcano.

You collected 7426 gold pieces.
You spent 4337 gold pieces at shops.
You paid 2565 gold pieces to Gozag.

Inventory:

Hand Weapons
 m - the +9 demon blade "Joeckono" (weapon) {flame, Str+5}
   (You found it in a treasure trove)

   Str:       It affects your strength (+5).
Missiles
 e - 5 curare-tipped darts
 p - 6 throwing nets
Armour
 P - a +0 buckler (worn)
Magical Staves
 c - a staff of cold
Jewellery
 f - a ring of wizardry
 t - the ring of Ziarup (right tentacle) {rF+ MP+9}
   (You bought it in a shop on level 5 of the Lair of Beasts)

   [ring of protection from fire]

   rF:        It protects you from fire.
   MP:        It affects your magic capacity (+9).
 u - a ring of see invisible (left tentacle)
 w - a +5 ring of evasion (on tentacle)
 x - a +6 ring of dexterity
 B - a ring of wizardry
 E - the ring "Weikem" (on tentacle) {AC+4 Str+3}
   (You bought it in a shop on level 5 of the Lair of Beasts)

   [ring of protection]

   AC:        It affects your AC (+4).
   Str:       It affects your strength (+3).
 M - a +6 ring of intelligence (on tentacle)
 Q - a +6 ring of intelligence (on tentacle)
 R - a ring of willpower (on tentacle)
 U - a ring of willpower (on tentacle)
 V - a ring of ice
 W - a +6 ring of dexterity
 Z - an amulet of magic regeneration (around mantle)
Wands
 g - a wand of polymorph (22)
 s - a wand of paralysis (25)
 y - a wand of digging (10)
 z - a wand of mindburst (30)
 C - a wand of quicksilver (4)
 F - a wand of roots (26)
Scrolls
 b - 6 scrolls of amnesia
 d - 3 scrolls of enchant armour
 h - 6 scrolls of magic mapping
 i - 5 scrolls of poison
 j - 4 scrolls of fog
 o - 2 scrolls of immolation
 r - 5 scrolls of silence
 A - 7 scrolls of teleportation
 H - 2 scrolls of vulnerability
 J - 2 scrolls of fear
 K - 2 scrolls of torment
 L - 6 scrolls of blinking
Potions
 a - 2 potions of magic
 k - 2 potions of brilliance
 l - 7 potions of haste
 n - 2 potions of lignification
 q - 5 potions of might
 v - 9 potions of curing
 D - 2 potions of invisibility
 G - 4 potions of mutation
 I - 2 potions of cancellation
 N - 2 potions of heal wounds
 O - 2 potions of flight
 S - 2 potions of berserk rage
 T - a potion of attraction
 Y - 3 potions of ambrosia


   Skills:
 - Level 10.0 Fighting
 * Level 3.1 Long Blades
 - Level 2.0 Throwing
 - Level 10.0 Dodging
 - Level 10.0 Stealth
 * Level 7.9 Shields
 - Level 8.0 Spellcasting
 - Level 5.0 Conjurations
 - Level 4.0 Translocations
 * Level 11.1 Ice Magic
 - Level 11.0 Air Magic
 - Level 12.0 Evocations


You had 4 spell levels left.
You knew the following spells:

 Your Spells              Type           Power      Damage    Failure   Level
a - Shock                 Conj/Air       100%       1d9       1%          1
b - Static Discharge      Conj/Air       100%       2-7/arc   1%          2
c - Swiftness             Air            99%        N/A       1%          3
d - Airstrike             Air            49%        2d(8-24)  1%          4
e - Freezing Cloud        Conj/Ice/Air   45%        6-21      1%          5
f - Blink                 Tloc           100%       N/A       1%          2
g - Polar Vortex          Ice            50%        N/A       100%        9

Your spell library contained the following spells:

 Spells                   Type           Power      Damage    Failure   Level
 Foxfire                  Conj/Fire      100%       2x1d9     1%          1
 Lesser Beckoning         Tloc           100%       N/A       1%          2
 Momentum Strike          Conj/Tloc      100%       3d10      1%          2
 Kindle Blastsparks       Fire/Tloc/Air  100%       2d18      1%          3
 Slow                     Hex            88%        N/A       3%          1
 Passwall                 Tmut/Erth      18%        N/A       4%          2
 Scorch                   Fire           44%        2d7       4%          2
 Confusing Touch          Hex            22%        N/A       9%          3
 Ignite Poison            Fire/Tmut/Pois 22%        N/A       9%          3
 Spider Form              Tmut/Pois      22%        N/A       9%          3
 Vampiric Draining        Necr           22%        2d7       9%          3
 Flame Wave               Conj/Fire      50%        2d12      11%         4
 Fireball                 Conj/Fire      25%        3d11      30%         5
 Summon Forest            Summ/Tloc      22%        N/A       36%         5
 Yara's Violent Unravell  Hex/Tmut       11%        3d6       63%         5
 Starburst                Conj/Fire      25%        6d8       86%         6
 Summon Cactus Giant      Summ           11%        N/A       99%         6
 Enfeeble                 Hex            11%        N/A       100%        7
 Simulacrum               Ice/Necr       Unusable   N/A       N/A         6

Dungeon Overview and Level Annotations

Branches:
Dungeon (12/15)            Temple (1/1) D:4            Lair (5/5) D:11
  Swamp (0/4) Lair:3        Snake (0/4) Lair:3        Slime (0/5) Lair:4
    Orc (2/2) D:12            Elf (0/3) Orc:2       Volcano (visited)

Altars:
Ashenzari
Cheibriados
Dithmenos
Elyvilon
Fedhas
Gozag
Hepliaklqana
Kikubaaqudgha
Makhleb
Nemelex Xobeh
Okawaru
Qazlal
Ru
Sif Muna
Trog
Uskayaw
Vehumet
Wu Jian
Xom
Yredelemnul
Zin
The Shining One
Jiyva

Shops:
D:4 *   D:5 (   D:8 !   D:10 (**   D:11 *   Orc:1 (*   Lair:5 ==

Annotations:
D:8 exclusion: zombie
D:12 1 exclusion


Innate Abilities, Weirdness & Mutations

You cannot wear most types of armour.
You are amphibious.
You can wear up to eight rings at the same time.
Your skin changes colour to match your surroundings (Stealth+).
Your rubbery body absorbs attacks. (AC +1, EV +1)
((You are camouflaged when in or above water. (Stealth+)))
You have tentacles for arms and can constrict up to eight enemies at once.


Message History

Aiming: Airstrike (safe; 1% risk of failure)
Press: ? - help, Q - select action, (/) - cycle Dir - move target, f/p - orc warrior
Aim: an orc warrior, wielding a +0 flail and wearing a +0 chain mail (moderately wounded, unable to see you, empty space bonus: 5/8)
You feel a surge of power!
The air twists around and strikes the orc warrior.
The orc warrior is heavily wounded.
Aiming: Airstrike (safe; 1% risk of failure)
Press: ? - help, Q - select action, (/) - cycle Dir - move target, f/p - orc warrior
Aim: an orc warrior, wielding a +0 flail and wearing a +0 chain mail (heavily wounded, unable to see you, empty space bonus: 4/8)
You feel a surge of power!
The air twists around and strikes the orc warrior!
The orc warrior is severely wounded.
You hear a shout!
You don't have enough magic to cast this spell.
You don't have enough magic to cast this spell.
Unknown command.
Aiming: Fastroot
Press: ? - help, Shift-Dir - straight line, f/p - orc warrior
Aim: an orc warrior, wielding a +0 flail and wearing a +0 chain mail (severely wounded, unable to see you)
The roots erupt in riotous growth!
Roots grab the orc warrior.
Roots grab the orc priest.
The grasping roots constrict the orc warrior!
You kill the orc warrior!
The grasping roots constrict the orc priest.
The grasping roots constrict the orc priest!
The orc priest struggles to escape constriction.
You feel yourself slow down.
The grasping roots constrict the orc priest!
You kill the orc priest!
You flicker for a moment.
Casting: Airstrike (safe; 1% risk of failure)
Confirm with . or Enter, or press ? or * to list all spells.
Aiming: Freezing Cloud (dangerous; 1% risk of failure)
Press: ? - help, Dir - move target, f - orc warrior
Aim: an orc warrior, wielding a +0 dire flail and wearing a +3 chain mail (unable to see you)
You feel a surge of power! That beam is likely to hit you.
Continue anyway?
You are engulfed in freezing vapours.
You die...
Your body crumbles into a pile of gold.

.## ##$#.## ####..#.. ..# #$$.$.#
#.##..... ..### ###$#.###
#..#..... ....## ##.......##
#...#.#.. .....#### #..#$o.#..#
#..#.##<. ......#.# ##...§§§...##
#......#. ........# #...#§o§#...#
#.......#
........###.^..§§§....###..#...##
........##....#.@.#....##........
.#......##.............##........
........##....#...#....##........
........##.............##...#....
........##....#...#....##...###..
........###...........###.....#..
........# #...#$).#...# #........
........# ##...$..$$.## #.....#..
.......## #.$#.)$#..# #........


You could see 2 orc warriors.

Vanquished Creatures
  Frances (D:12)
  Azrael (Orc:2)
  Snorg (D:12)
  The ghost of domi the Fighter, a journeyman DsCj of Gozag (D:11)
  4 hydras
  3 two-headed ogres
  A boulder beetle (D:11)
  19 death yaks
  Urug (Lair:1)
  5 orc high priests (Orc:2)
  Amaemon (Lair:3)
  2 skysharks (Lair:5)
  A bog body (Lair:3)
  6 orc knights (Orc:2)
  5 deep elf pyromancers (Volcano)
  A deep elf archer (Volcano)
  A manticore (D:12)
  3 black mambas
  8 cane toads
  An orange demon (Lair:3)
  An ice statue (Lair:3)
  2 gargoyles
  8 elephants (Lair:5)
  4 kobold demonologists
  An unseen horror zombie (D:8)
  An unseen horror (D:11)
  9 rime drakes
  An eye of devastation (Lair:4)
  5 komodo dragons
  3 trolls
  8 polar bears
  3 hornets
  22 dream sheep
  4 blink frogs (Lair:5)
  5 slime creatures (D:12)
  11 spriggans (Lair:5)
  2 shadows (D:11)
  A vampire (D:10)
  40 yaks
  3 wyverns
  4 wraiths
  8 basilisks
  11 fire elementals
  A naga (Lair:3)
  9 vampire mosquitoes
  A harpy simulacrum (Lair:3)
  2 wargs (D:12)
  2 swamp worms (Lair:3)
  13 water moccasins
  9 hell hounds
  A swamp drake (Lair:1)
  Duvessa (D:7)
  A floating eye (Lair:4)
  A hornet zombie (D:8)
  3 ice beasts
  29 orc warriors
  5 black bears
  7 ogres
  3 sky beasts
  29 wolves
  5 boggarts (Lair:5)
  4 centaurs
  2 phantoms
  10 kobold brigands
  12 bullfrogs
  4 necrophages
  2 scorpions
  3 gnoll sergeants
  A two-headed ogre simulacrum (Lair:3)
  11 wights
  Dowan (D:7)
  2 howler monkeys
  4 jellies
  A lava snake (D:7)
  2 hounds
  A human zombie (D:8)
  22 orc priests
  4 iguanas
  17 orc wizards
  2 polar bear simulacra (Lair:3)
  2 spriggan simulacra (Lair:3)
  2 howler monkey zombies (D:8)
  2 mummies (D:8)
  22 gnolls
  4 adders
  4 shadow imps
  6 white imps
  An ufetubus (D:4)
  3 worms
  62 orcs
  7 endoplasms
  2 giant cockroaches
  7 goblins
  3 hobgoblins
  7 jackals
  3 quokkas
  A ball python (D:1)
  5 bats
  3 frilled lizards
  37 kobolds
  8 kobold skeletons (D:10)
  10 kobold zombies (D:10)
  3 rats
654 creatures vanquished.

Vanquished Creatures (others)
  An angel (D:7)
  A deep elf pyromancer (Volcano)
  38 fungi
  36 plants
76 creatures vanquished.

Grand Total: 730 creatures vanquished

Notes
Turn   | Place    | Note
-------+----------+-------------------------------------------
     0 | D:1      | browni3141 the Octopode Air Elementalist began the quest
                  | for the Orb.
     0 | D:1      | Reached XP level 1. HP: 11/11 MP: 3/3
   324 | D:1      | Reached XP level 2. HP: 18/18 MP: 0/5
   433 | D:1      | Learned a level 2 spell: Static Discharge
   531 | D:1      | Reached skill level 1 in Fighting
   830 | D:1      | You fall into a shaft and drop 1 floor!
  1096 | D:2      | Reached XP level 3. HP: 23/24 MP: 0/6
  1353 | D:2      | Found a faded altar of an unknown god.
  1475 | D:2      | Reached XP level 4. HP: 29/29 MP: 1/7
  1589 | D:2      | Noticed a scorpion
  2515 | D:2      | Learned a level 3 spell: Swiftness
  3409 | D:4      | Found a sacrificial altar of Ru.
  3417 | D:4      | Reached skill level 1 in Evocations
  3483 | D:4      | Reached XP level 5. HP: 18/34 MP: 5/8
  3633 | D:4      | Noticed an ogre
  3662 | D:4      | Killed an ogre
  3663 | D:4      | Reached skill level 2 in Evocations
  3663 | D:4      | Reached XP level 6. HP: 39/39 MP: 1/10
  3765 | D:4      | Reached skill level 5 in Air Magic
  3859 | D:4      | Reached skill level 3 in Evocations
  4019 | D:4      | Found an ornate altar of the Wu Jian Council.
  4020 | D:4      | Found a shadowy altar of Dithmenos.
  4021 | D:4      | Found a stormy altar of Qazlal.
  4022 | D:4      | Found a glowing golden altar of the Shining One.
  4023 | D:4      | Found a shimmering blue altar of Sif Muna.
  4024 | D:4      | Found an ancient bone altar of Kikubaaqudgha.
  4076 | D:4      | Found a staircase to the Ecumenical Temple.
  4086 | Temple   | Entered the Ecumenical Temple
  4317 | Temple   | Became a worshipper of Gozag Ym Sagoz the Greedy
  4433 | D:4      | Found an iron altar of Okawaru.
  4455 | D:4      | Found Golulucw's Neck Hole.
  4568 | D:5      | Entered Level 5 of the Dungeon
  4720 | D:5      | Reached skill level 4 in Evocations
  4822 | D:5      | Reached XP level 7. HP: 40/45 MP: 4/11
  4985 | D:5      | Found Peudirer's Antique Weapon Shoppe.
  5629 | D:5      | Reached skill level 5 in Evocations
  5968 | D:2      | Reached XP level 8. HP: 41/52 MP: 2/12
  6156 | D:6      | Reached skill level 5 in Stealth
  6457 | D:6      | Reached skill level 6 in Evocations
  6517 | D:6      | Learned a level 4 spell: Airstrike
  6566 | D:6      | Noticed a wraith
  7893 | D:7      | Noticed an angel
  7900 | D:6      | Reached skill level 7 in Evocations
  8236 | D:7      | Found a shimmering altar of Xom.
  8412 | D:7      | Noticed a wyvern
  8419 | D:7      | Killed a wyvern
  8420 | D:7      | Reached XP level 9. HP: 56/56 MP: 7/13
  8526 | D:7      | Killed an angel
  8553 | D:7      | Found a glowing silver altar of Zin.
  8571 | D:7      | Noticed Duvessa
  8576 | D:7      | Killed Duvessa
  8578 | D:7      | Noticed Dowan
  8579 | D:7      | Killed Dowan
  9051 | D:7      | Reached skill level 8 in Evocations
  9665 | D:8      | Found Ogiegurayw's Distillery.
  9684 | D:8      | Noticed a two-headed ogre
 10123 | D:8      | Killed a two-headed ogre
 10124 | D:8      | Reached skill level 5 in Fighting
 10238 | D:8      | Noticed a two-headed ogre
 10383 | D:8      | Killed a two-headed ogre
 10384 | D:8      | Reached skill level 5 in Dodging
 10384 | D:8      | Reached XP level 10. HP: 68/68 MP: 5/15
 11082 | D:8      | Found a basalt altar of Yredelemnul.
 11610 | D:8      | Found a bloodstained altar of Trog.
 11908 | D:9      | Reached skill level 5 in Spellcasting
 12543 | D:9      | Reached skill level 10 in Air Magic
 13162 | D:10     | Entered Level 10 of the Dungeon
 13177 | D:10     | Noticed a gargoyle
 13460 | D:10     | Learned a level 5 spell: Freezing Cloud
 13466 | D:10     | Reached skill level 1 in Ice Magic
 13472 | D:10     | Reached XP level 11. HP: 72/72 MP: 12/18
 13650 | D:10     | Found Naovvux's Weapon Emporium.
 13703 | D:10     | Found Itenadgh's Specific Store.
 13705 | D:10     | Found Etoemp's General Store.
 13722 | D:10     | Bought a scroll of identify for 32 gold pieces
 13723 | D:10     | Bought a scroll of enchant weapon for 120 gold pieces
 13723 | D:10     | Bought a +5 ring of evasion for 576 gold pieces
 14038 | D:10     | Reached skill level 1 in Shields
 14367 | D:10     | Found an ancient bone altar of Kikubaaqudgha.
 14699 | D:11     | Got Otoema's Tome of the Variable Jaunt
 14941 | D:11     | Found Paapleh's Assorted Antiques.
 15004 | D:11     | Reached skill level 5 in Conjurations
 15077 | D:11     | Bought a potion of curing for 60 gold pieces
 15077 | D:11     | Bought a blackened granite ring for 100 gold pieces
 15077 | D:11     | Bought a scroll labelled GACUCE SUTEU for 20 gold pieces
 15077 | D:11     | Bought a scroll of fog for 80 gold pieces
 15077 | D:11     | Bought a clear potion for 18 gold pieces
 15240 | D:11     | Found a large runed translucent door.
 15240 | D:11     | Found a large runed translucent door.
 15243 | D:11     | Noticed domi's ghost (journeyman DsCj)
 15343 | D:11     | Reached skill level 5 in Ice Magic
 15509 | D:11     | Noticed a death yak
 15510 | D:11     | Noticed a sun demon
 15511 | D:11     | Noticed a death yak
 15513 | D:11     | Noticed a death yak
 15517 | D:11     | Killed a death yak
 15518 | D:11     | Noticed a death yak
 15521 | D:11     | Noticed a boulder beetle
 15523 | D:11     | Killed a death yak
 15526 | D:11     | Killed a death yak
 15532 | D:11     | Killed a death yak
 15533 | D:11     | Noticed a death yak
 15540 | D:11     | Killed a death yak
 15541 | D:11     | Reached XP level 12. HP: 57/79 MP: 1/19
 15664 | D:11     | Killed a boulder beetle
 15750 | D:11     | Found a staircase to the Lair.
 16207 | D:11     | Killed domi's ghost
 16390 | D:11     | Learned a level 2 spell: Blink
 16450 | Lair:1   | Entered Level 1 of the Lair of Beasts
 16466 | Lair:1   | Reached skill level 1 in Translocations
 16557 | Lair:1   | Reached skill level 10 in Ice Magic
 16758 | Lair:1   | Noticed Urug
 16764 | Lair:1   | Killed Urug
 18075 | Lair:2   | Noticed a death yak
 18075 | Lair:2   | Noticed a death yak
 18077 | Lair:2   | Noticed a death yak
 18078 | Lair:2   | Noticed a death yak
 18082 | Lair:2   | Killed a death yak
 18083 | Lair:2   | Killed a death yak
 18086 | Lair:2   | Killed a death yak
 18088 | Lair:2   | Killed a death yak
 18674 | Lair:2   | Reached skill level 9 in Evocations
 18856 | Lair:3   | Noticed a death yak
 18856 | Lair:3   | Noticed a death yak
 18856 | Lair:3   | Noticed a death yak
 18890 | Lair:3   | Reached XP level 13. HP: 73/85 MP: 14/20
 18892 | Lair:3   | Reached skill level 5 in Shields
 19204 | Lair:3   | Found a dark tunnel.
 19319 | Volcano  | Entered a volcano
 19794 | Volcano  | Reached skill level 10 in Stealth
 19794 | Volcano  | Reached skill level 10 in Evocations
 20448 | Lair:3   | Found a staircase to the Snake Pit.
 20543 | Lair:3   | Noticed Amaemon
 20550 | Lair:3   | Killed Amaemon
 20616 | Lair:3   | Reached skill level 11 in Evocations
 21811 | Lair:2   | Reached XP level 14. HP: 63/95 MP: 5/21
 22063 | Lair:3   | Reached skill level 12 in Evocations
 22289 | Lair:3   | Found a staircase to the Swamp.
 23629 | Lair:4   | Reached skill level 10 in Fighting
 24258 | Lair:4   | Found a viscous altar of Jiyva.
 24258 | Lair:4   | Found a staircase to the Slime Pits.
 24965 | Lair:5   | Entered Level 5 of the Lair of Beasts
 26022 | Lair:5   | Reached skill level 10 in Dodging
 26066 | Lair:5   | Reached skill level 1 in Throwing
 26327 | Lair:5   | Bought the ring of Ziarup {rF+ MP+9} for 865 gold pieces
 26337 | Lair:5   | Bought the ring "Weikem" {AC+4 Str+3} for 690 gold pieces
 26339 | Lair:5   | Bought a ring of wizardry for 420 gold pieces
 26340 | Lair:5   | Bought a ring of wizardry for 510 gold pieces
 27230 | Lair:5   | Reached XP level 15. HP: 103/103 MP: 25/25
 27920 | D:11     | Learned a level 9 spell: Polar Vortex
 27937 | D:12     | Noticed Snorg
 27943 | D:12     | Killed Snorg
 28963 | D:12     | Found a staircase to the Orcish Mines.
 29071 | D:12     | Noticed Frances
 29372 | D:12     | Killed Frances
 29437 | D:12     | Found a portal to a secret trove of treasure.
 29927 | Orc:1    | Entered Level 1 of the Orcish Mines
 29949 | Orc:1    | Found Dukhyome's Weapon Shoppe.
 30376 | Orc:1    | Found Jimpeacu's Assorted Antiques.
 30384 | Orc:1    | Bought a potion of resistance for 360 gold pieces
 30384 | Orc:1    | Bought a scroll of silence for 342 gold pieces
 30384 | Orc:1    | Bought a scroll of fear for 144 gold pieces
 30496 | D:12     | You paid a toll of 3 potions of resistance to enter a
                  | treasure trove
 30497 | Trove    | Entered a treasure trove
 30499 | Trove    | Found a bloodstained altar of Trog.
 30502 | Trove    | Identified the +9 demon blade "Joeckono" {flame, Str+5}
 30525 | Trove    | Identified the +8 halberd of Context {venom, Str+2 Dex+4}
 30526 | Trove    | Identified the +11 triple sword "Ogohae" {venom, *Noise
                  | rPois rCorr Stlth+}
 30560 | Trove    | Found the +11 plutonium sword {Contam Stlth-}
 30574 | Trove    | Identified the +8 great mace of Zeamp {freeze, rC+ Int+2}
 30677 | Orc:2    | Entered Level 2 of the Orcish Mines
 30860 | Orc:2    | Noticed Azrael
 30870 | Orc:2    | Killed Azrael
 30871 | Orc:2    | Reached skill level 1 in Long Blades
 31693 | Orc:2    | Found a staircase to the Elven Halls.
 32019 | Orc:2    | Engulfed by a cloud of freezing vapour

Illustrated notes

Levels and vault maps discovered:
D:1:      saegor_arrival_simple_e, layout_basic, minmay_misc_feat_diagonals
D:2:      layout_basic, ebering_ecumenical_altar_webs
D:3:      layout_rooms
D:4:      layout_gridville, mainiacjoe_overflow_brackets,
          kennysheep_okawaru_gauntlet, minitemple, minmay_temple_entry_grid,
          nicolae_shop_sticking_my_neck_out
D:5:      layout_cave_pools, serial_shops, shop
D:6:      layout_cave_pods, kennysheep_potato
D:7:      layout_cave_pools, grunt_temple_overflow_order_and_chaos_1,
          hangedman_decor_push, kennysheep_cluttered_room, uniq_duvessa
D:8:      layout_rooms, lemuel_mausoleum_altar_yredelemnul,
          amcnicky_altar_gilded, serial_shops, nicolae_square_shop,
          kennysheep_generic_room_11
D:9:      layout_cave_pools
D:10:     wander_kiku_kobolds, layout_loops_ring, serial_shops,
          nicolae_take_the_stairs, nicolae_specific_store, nrook_mini_backslash,
          grunt_ogre_cave
D:11:     layout_basic, dpeg_lair_monsters, ebering_ghost_disaster_area,
          serial_shops, nicolae_shop_hallway_plus
D:12:     minmay_the_grid_square_5x5_3x3
          [minmay_the_grid_square_5x5_inverted_slash,
          minmay_the_grid_square_5x5_slash, minmay_the_grid_square_5x5_minimal,
          minmay_the_grid_square_5x5_percent,
          minmay_the_grid_square_5x5_megaprize_hollow,
          minmay_the_grid_square_5x5_inner_i,
          minmay_the_grid_square_5x5_two_small,
          minmay_the_grid_square_5x5_eight_small,
          minmay_the_grid_square_5x5_minibox], layout_long_grid,
          david_orc_1_choice, nicolae_trove_entry_columns, uniq_frances,
          uniq_snorg
Temple:   dpeg_chambers_temple
Lair:1:   layout_cave_pods, hibernation_bobbens, uniq_urug
Lair:2:   layout_concentric_octagons
Lair:3:   dreamdust_isle_of_ice, layout_loops_ring, palyth_hydra_swamp_entry,
          guppyfry_snake_entry_garden, enter_volcano_3,
          kennysheep_basilisk_garden, grunt_megastairs_3, uniq_amaemon
Lair:4:   layout_regular_city, minmay_slime_entry_eyes, beast_lair_carwin_2,
          serial_bayou_shore_b
Lair:5:   minmay_lair_end_enchanted_forest, layout_long_grid
Orc:1:    layout_diamond_mine, serial_shops, shop, nicolae_shop_stone,
          nicolae_shop_stone, nicolae_shop_crystal
Orc:2:    st_orc_pillars, layout_caves, nicolae_orc_damp_corner, uniq_azrael

Skill      XL: |  1  2  3  4  5  6  7  8  9 10 11 12 13 14 15 |
---------------+----------------------------------------------+-----
Fighting       | 2 3 6 8 10 | 10.0
Air Magic      | 4 5 6 8 10 11 | 11.0
Evocations     | 1 2 4 5 7 8 9 11 12 | 12.0
Conjurations   | 2 3 5 |  5.0
Spellcasting   | 3 5 6 8 |  8.0
Stealth        | 3 4 6 8 10 | 10.0
Dodging        | 3 5 7 10 | 10.0
Ice Magic      | 2 8 10 11 | 11.1
Shields        | 4 5 6 7 |  7.9
Translocations | 4 |  4.0
Throwing       | 2 |  2.0
Long Blades    | 3 |  3.1

Action                     |  1- 3 |  4- 6 |  7- 9 | 10-12 | 13-15 || total
---------------------------+-------+-------+-------+-------+-------++-------
  Melee: Staff             |     8 |    23 |    10 |       |       ||    41
         Constrict         |     3 |     4 |     8 |    32 |    45 ||    92
         Tentacles         |     3 |     6 |     7 |    46 |    90 ||   152
         Whip              |       |       |    18 |   133 |   224 ||   375
         Punch             |       |       |       |     2 |     4 ||     6
         Demon blade       |       |       |       |       |    57 ||    57
  Throw: Dart              |       |       |       |    20 |    24 ||    44
   Cast: Shock             |    56 |   105 |   133 |   123 |       ||   417
         Static Discharge  |     1 |     8 |    30 |     8 |    41 ||    88
         Swiftness         |       |       |     3 |     2 |     1 ||     6
         Airstrike         |       |       |    26 |    56 |   203 ||   285
         Freezing Cloud    |       |       |       |    35 |   136 ||   171
         Blink             |       |       |       |       |     6 ||     6
 Invoke: Call Merchant     |       |       |       |       |     2 ||     2
         Potion Petition   |       |       |       |       |     2 ||     2
  Evoke: Wand              |       |       |     7 |    17 |    10 ||    34
    Use: Scroll            |     2 |     4 |     1 |    12 |     9 ||    28
         Potion            |       |       |       |     1 |     2 ||     3
   Stab: Sleeping          |       |     2 |     1 |     1 |     2 ||     6
         Paralysed         |       |       |       |     7 |       ||     7
         Distracted        |       |       |       |       |     1 ||     1
 Armour: Skin              |     2 |     1 |     1 |     4 |    26 ||    34
  Dodge: Dodged            |     7 |    23 |    56 |    94 |   330 ||   510
  Block: Buckler           |       |       |       |    27 |    95 ||   122

Table legend: (Time is in decaauts)
 A = Elapsed time spent in this place.
 B = Non-inter-level travel time spent in this place.
 C = Inter-level travel time spent in this place.
 D = Time resting spent in this place.
 E = Time spent auto-exploring this place.
 F = Levels seen in this place.
 G = Mean time per level.
                   A        B        C        D        E       F      G
               +--------+--------+--------+--------+--------+-----+--------+
         Total |  32081 |  30635 |   1446 |   4524 |  21311 |  22 | 1458.2 |
       Dungeon |  18459 |  17517 |    942 |   2657 |  12201 |  12 | 1538.2 |
        Temple |    258 |    196 |     62 |      0 |    186 |   1 |  258.0 |
          Lair |  10514 |  10114 |    400 |   1198 |   7473 |   5 | 2102.8 |
  Orcish Mines |   1858 |   1818 |     40 |     31 |   1379 |   2 |  929.0 |
         Trove |    108 |    108 |      0 |      0 |     23 |   1 |  108.0 |
       Volcano |    882 |    882 |      0 |    638 |     49 |   1 |  882.0 |
               +--------+--------+--------+--------+--------+-----+--------+

Top non-repeatable levels by time:
  Lair:3: 2853 daAuts
  Lair:5: 2617 daAuts
     D:8: 2216 daAuts
    D:11: 2059 daAuts
     D:6: 2002 daAuts
    D:12: 1904 daAuts
  Lair:2: 1891 daAuts
     D:7: 1790 daAuts
     D:2: 1746 daAuts
  Lair:4: 1706 daAuts
    D:10: 1569 daAuts
     D:5: 1448 daAuts
  Lair:1: 1445 daAuts
   Orc:2: 1337 daAuts
     D:1: 988 daAuts
